 Dungeon Crawl Stone Soup version 0.29-a0-322-g68df515428 (webtiles) character file.

Game seed: 9496080358191715882

497 101zpm the Covered (level 7, -3/44 HPs)
             Began as a Gargoyle Fighter on Apr 8, 2022.
             Slain by a gnoll
             ... wielding a +2 whip of freezing
              (4 damage)
             ... on level 4 of the Dungeon.
             The game lasted 00:05:02 (2742 turns).

101zpm the Covered (Gargoyle Fighter)               Turns: 2742, Time: 00:05:03

Health: -3/44      AC: 12    Str: 22    XL:     7   Next: 16%
Magic:  0/7        EV:  9    Int:  8    God:
Gold:   77         SH:  4    Dex:  9    Spells: 6/6 levels left

rFire   . . .      SeeInvis .   a - +0 flail
rCold   . . .      Faith    .   c - +0 buckler
rNeg    + . .      Spirit   +   b - +0 scale mail
rPois   ∞          Reflect  .   (no helmet)
rElec   +          Harm     .   (no cloak)
rCorr   .          Rampage  .   (no gloves)
Will    .....                   (no boots)
Stlth   ..........              i - amulet of guardian spirit
HPRegen 0.14/turn               (no ring)
MPRegen 0.10/turn               (no ring)

@: no status effects
A: sickness immunity, AC +4, negative energy resistance 1, electricity
resistance, torment resistance 1, petrification resistance
a: no special abilities


You were on level 4 of the Dungeon.
You visited 1 branch of the dungeon, and saw 4 of its levels.

You collected 77 gold pieces.

Inventory:

Hand Weapons
 a - a +0 flail (weapon)
 j - a +0 hunting sling
Missiles
 k - 2 throwing nets (quivered)
Armour
 b - a +0 scale mail (worn)
 c - a +0 buckler (worn)
 m - a scarf of harm
Jewellery
 i - an amulet of guardian spirit (around neck)
Scrolls
 e - 2 scrolls of identify {unknown}
 g - 3 scrolls of noise
 h - a scroll of magic mapping {unknown}
 l - 5 scrolls of teleportation {unknown}
 o - a scroll of torment {unknown}
 p - a scroll of blinking {unknown}
Potions
 d - a potion of might
 f - 2 potions of haste {unknown}
 n - a potion of berserk rage {unknown}
 q - a potion of cancellation {unknown}


   Skills:
 + Level 4.6 Fighting
 + Level 4.8 Maces & Flails
 + Level 5.2 Armour
 + Level 1.4 Dodging
 + Level 0.4 Stealth
 + Level 4.1 Shields


You had 6 spell levels left.
You didn't know any spells.
Your spell library was empty.

Dungeon Overview and Level Annotations

Branches:
Dungeon (4/15)
 Temple: D:4-7

Altars:

Shops:
D:1 [[?:?

Annotations:
D:4 Sigmund


Innate Abilities, Weirdness & Mutations

You are immune to sickness and miasma.
Your stone body is resilient. (AC +4)
You are immune to poison.
You resist negative energy. (rN+)
You are resistant to electric shocks. (rElec)
You are resistant to unholy torment.
You are immune to petrification.


Message History

The gnoll attacks as you move away!
The gnoll hits you with a +2 whip of freezing.
* * * LOW HITPOINT WARNING * * *
The gnoll freezes you.
* * * LOW HITPOINT WARNING * * *
The gnoll attacks as you move away!
The gnoll hits you with a +2 whip of freezing.
* * * LOW HITPOINT WARNING * * *
The gnoll freezes you.
* * * LOW HITPOINT WARNING * * *
Sigmund casts a spell at you. The magic dart hits you.
* * * LOW HITPOINT WARNING * * *
The gnoll attacks as you move away! The gnoll closely misses you.
The gnoll attacks as you move away! The gnoll hits you but does no damage.
The gnoll attacks as you move away! The gnoll hits you but does no damage.
The gnoll attacks as you move away! The gnoll barely misses you.
The gnoll attacks as you move away! The gnoll hits you but does no damage.
The gnoll attacks as you move away! The gnoll closely misses you.
The gnoll attacks as you move away! The gnoll hits you but does no damage.
The gnoll attacks as you move away!
The gnoll hits you with a +2 whip of freezing.
* * * LOW HITPOINT WARNING * * *
The gnoll freezes you.
* * * LOW HITPOINT WARNING * * *
The gnoll attacks as you move away! The gnoll hits you but does no damage.
The gnoll attacks as you move away! The gnoll closely misses you.
The gnoll attacks as you move away!
The gnoll hits you with a +2 whip of freezing.
* * * LOW HITPOINT WARNING * * *
The gnoll freezes you.
* * * LOW HITPOINT WARNING * * *
The gnoll attacks as you move away! The gnoll barely misses you.
The gnoll attacks as you move away!
The gnoll hits you with a +2 whip of freezing.
* * * LOW HITPOINT WARNING * * *
The gnoll freezes you. The gnoll attacks as you move away!
The gnoll hits you with a +2 whip of freezing.
You die...

#.###########
#.#######
##################
#.....#
.................#
#####.#
################.#
#.# #.# #@# #.#
#.# #.# #.# #.#
#.# #@# #.# #g#
#.# #.#########.#
#.......@...#
#############


You could see a gnoll.

Vanquished Creatures
  Grinder (D:4)
  A bullfrog (D:4)
  2 hounds (D:4)
  An iguana (D:4)
  2 orc wizards (D:4)
  2 gnolls (D:4)
  3 adders
  2 dart slugs (D:1)
  An orc (D:4)
  A ball python (D:1)
  2 bats (D:1)
  7 endoplasms
  3 giant cockroaches (D:1)
  4 goblins (D:4)
  3 hobgoblins
  5 jackals (D:1)
  6 kobolds
  2 quokkas
  2 frilled lizards (D:1)
  5 rats (D:1)
55 creatures vanquished.

Notes
Turn   | Place    | Note
-------+----------+-------------------------------------------
     0 | D:1      | 101zpm the Gargoyle Fighter began the quest for the Orb.
     0 | D:1      | Reached XP level 1. HP: 14/14 MP: 1/1
   277 | D:1      | Found Woedgh's Antique Armour Emporium.
   311 | D:1      | Reached XP level 2. HP: 16/19 MP: 2/2
   450 | D:1      | Found Nistemida's Magic Scroll Emporium.
   569 | D:1      | Found Roiwk's Book Shop.
   582 | D:1      | Found Molitt's Magic Scroll Boutique.
   596 | D:1      | Reached XP level 3. HP: 23/23 MP: 3/3
  1025 | D:1      | Found Jawynt's Armour Shop.
  1555 | D:4      | Noticed a bullfrog
  1565 | D:4      | Killed a bullfrog
  1566 | D:4      | Reached XP level 4. HP: 21/29 MP: 4/4
  1703 | D:4      | Reached skill level 4 in Armour
  1703 | D:4      | Reached XP level 5. HP: 29/33 MP: 5/5
  1980 | D:4      | Noticed Grinder
  2001 | D:4      | Reached skill level 1 in Dodging
  2008 | D:4      | Killed Grinder
  2009 | D:4      | Reached XP level 6. HP: 14/39 MP: 2/6
  2286 | D:4      | Reached skill level 5 in Armour
  2286 | D:4      | Reached XP level 7. HP: 19/44 MP: 5/7
  2647 | D:4      | Noticed Sigmund
  2736 | D:4      | HP: 2/44 [gnoll/+2 whip of freezing (2)]
  2741 | D:4      | HP: 1/44 [gnoll/+2 whip of freezing (2)]
  2742 | D:4      | Slain by a gnoll

Illustrated notes

Levels and vault maps discovered:
D:1:      sevenhm_arrival_forest_fort_large_4, layout_rooms, serial_shops, shop,
          nicolae_diamond_shop, shop_scrolls, nicolae_shop_hallway_plus, shop,
          minmay_misc_feat_x, minivault_14
D:2:      layout_loops_corners, minivault_5
D:3:      layout_basic, nicolae_ecumenical_lake_church, uniq_jessica
D:4:      layout_basic, gup_sewer_entry_pipe, uniq_grinder, uniq_sigmund

Skill      XL: |  1  2  3  4  5  6 |
---------------+-------------------+-----
Maces & Flails | 3 4 |  4.8
Fighting       | 4 |  4.6
Armour         | 4 5 |  5.2
Dodging        | 1 |  1.4
Shields        | 4 |  4.1
Stealth        | |  0.4

Action                   |  1- 3 |  4- 6 |  7- 9 || total
-------------------------+-------+-------+-------++-------
Melee: Flail             |   118 |    55 |    60 ||   233
  Use: Scroll            |       |     1 |       ||     1
Armor: Scale mail        |    69 |    27 |    40 ||   136
Dodge: Dodged            |    58 |    26 |    47 ||   131
Block: Buckler           |    23 |    10 |    13 ||    46

Table legend: (Time is in decaauts)
 A = Elapsed time spent in this place.
 B = Non-inter-level travel time spent in this place.
 C = Inter-level travel time spent in this place.
 D = Time resting spent in this place.
 E = Time spent auto-exploring this place.
 F = Levels seen in this place.
 G = Mean time per level.
                   A        B        C        D        E       F      G
               +--------+--------+--------+--------+--------+-----+--------+
         Total |   2804 |   2719 |     85 |    366 |   1784 |   4 |  701.0 |
       Dungeon |   2804 |   2719 |     85 |    366 |   1784 |   4 |  701.0 |
               +--------+--------+--------+--------+--------+-----+--------+

Top non-repeatable levels by time:
     D:1: 1497 daAuts
     D:4: 1215 daAuts
     D:2: 83 daAuts
     D:3: 8 daAuts
